 Dungeon Crawl Stone Soup version 0.27.0-1-g7a089689b8 (webtiles) character file.

Game seed: 3988968957261963802

53 sanka the Ducker (level 3, 18/20 HPs)
             Began as a Deep Elf Gladiator on Aug 3, 2021.
             Was a Believer of Lugonu.
             Quit the game on level 2 of the Dungeon.
             The game lasted 00:01:47 (1365 turns).

sanka the Ducker (Deep Elf Gladiator)               Turns: 1365, Time: 00:01:47

Health: 18/20      AC:  7    Str: 11    XL:     3   Next: 62%
Magic:  14/14      EV: 12    Int: 13    God:    Lugonu [**....]
Gold:   86         SH:  0    Dex: 16    Spells: 2/2 levels left

rFire    . . .     SeeInvis .   a - +0 quarterstaff
rCold    + . .     Faith    .   (shield currently unavailable)
rNeg     . . .     Spirit   .   e - +0 ring mail
rPois    .         Reflect  .   c - +0 helmet
rElec    .         Harm     .   (no cloak)
rCorr    .         Rampage  .   (no gloves)
Will     .....                  h - +0 pair of boots
Stlth    +.........             (no amulet)
HPRegen  0.06/turn              k - ring of protection from cold
MPRegen  0.14/turn              g - ring of magical power

@: no status effects
A: no striking features
a: Renounce Religion, Depart the Abyss, Bend Space


You were on level 2 of the Dungeon.
You worshipped Lugonu.
Lugonu was pleased with you.
You visited 1 branch of the dungeon, and saw 2 of its levels.

You collected 86 gold pieces.


   Skills:
 + Level 1.6 Fighting
 + Level 3.9 Staves
 - Level 2.0 Throwing
 + Level 4.7 Dodging


You had 2 spell levels left.
You didn't know any spells.
Your spell library was empty.

Inventory:

Hand Weapons
 a - a +0 quarterstaff (weapon)
Missiles
 d - 3 throwing nets (quivered) {=f}
Armour
 b - a +0 leather armour
 c - a +0 helmet (worn)
 e - a +0 ring mail (worn)
 h - a +0 pair of boots (worn)
Jewellery
 g - a ring of magical power (right hand)
 k - a ring of protection from cold (left hand)
Scrolls
 f - a scroll of identify {unknown}
 j - a scroll of blinking {unknown}
 l - a scroll of teleportation {unknown}
Potions
 i - 2 potions of curing {unknown}

Dungeon Overview and Level Annotations

Branches:
Dungeon (2/15)

Altars:
Nemelex Xobeh
Lugonu

▒▒▒ ▒.........▒.........▒
▒.......▒▒▒.........▒
▒......▒▒ ▒.........▒
▒......▒▒▒▒▒..▒.▒▒▒.▒ ▒
▒▒...................▒ ▒
▒.......▒▒▒▒▒.▒......▒▒ ▒▒▒
▒▒÷......▒8.8▒.........▒
..▒▒▒▒.÷▒▒.8▒▒▒...▒▒▒8......▒
▒.▒▒...▒▒▒[.'...e...'.......▒
▒†▒..▒▒▒▒..8▒▒▒..†▒▒▒8.....▒▒
▒...▒▒▒▒▒.....▒8.8▒........£▒
▒▒........▒▒..▒▒▒▒▒.▒.......▒
▒▒........▒ ................▒
..........▒▒▒▒▒▒.▒...▒.....▒▒
............▒▒▒▒...▒▒▒▒..!▒▒
......)...▒..........▒▒▒▒▒▒
▒▒▒.......▒▒▒...........


There were no monsters in sight!


Message History

Found 10 gold pieces.
You now have 86 gold pieces (gained 10).
Found 15 gold pieces.
Found a fuming purple potion.
Found a faded altar of an unknown god.
There is an open door here.
A giant cockroach comes into view.
The giant cockroach closely misses you.
The giant cockroach bites you but does no damage.
The giant cockroach closely misses you.
There is a faded altar of an unknown god here.
You hit the giant cockroach but do no damage.
The giant cockroach bites you but does no damage.
The giant cockroach closely misses you.
You closely miss the giant cockroach. The giant cockroach bites you.
You closely miss the giant cockroach.
The giant cockroach completely misses you.
You hit the giant cockroach.
You kill the giant cockroach!
No target in view!
No target in view!
No target in view!
Your library has no spells.
You cannot tell which god this altar belongs to.
Convert to them anyway?
Lugonu accepts your prayer! Lugonu welcomes you!
You can now depart the Abyss.
You can now bend space around yourself.
Are you sure you want to abandon this character and quit the game? (Confirm with "yes".)

Action                   || total
-------------------------++-------
Melee: Quarterstaff      ||    97
Armor: Leather armour    ||     3
       Ring mail         ||    28
Dodge: Dodged            ||    61

Levels and vault maps discovered:
D:1:      eino_arrival_water_star, layout_loops_cross
D:2:      layout_rooms, basic_altar,
          dreamdust_ecumenical_altar_angels_and_demons

Notes
Turn   | Place    | Note
-------+----------+-------------------------------------------
     0 | D:1      | sanka the Deep Elf Gladiator began the quest for the Orb.
     0 | D:1      | Reached XP level 1. HP: 12/12 MP: 3/3
   193 | D:1      | Reached skill level 4 in Dodging
   193 | D:1      | Reached XP level 2. HP: 15/16 MP: 4/4
   774 | D:2      | Found a sparkling altar of Nemelex Xobeh.
   901 | D:2      | Reached XP level 3. HP: 19/20 MP: 5/5
  1353 | D:2      | Found a faded altar of an unknown god.
  1364 | D:2      | Became a worshipper of Lugonu the Unformed
  1364 | D:2      | Reached * piety under Lugonu
  1364 | D:2      | Reached ** piety under Lugonu
  1365 | D:2      | Quit the game

Vanquished Creatures
  An adder (D:2)
  2 dart slugs
  3 endoplasms
  5 giant cockroaches
  3 goblins (D:2)
  3 hobgoblins
  4 jackals (D:2)
  2 kobolds (D:1)
  2 quokkas
  2 ball pythons (D:1)
  2 bats (D:1)
  2 frilled lizards (D:2)
  3 rats
34 creatures vanquished.
